 Dungeon Crawl Stone Soup version 0.19-a0-1720-gc855d72 (webtiles) character file.

382 Alarkh the Grave Robber (level 6, -3/41 HPs)
             Began as a Mummy Necromancer on Sept 29, 2016.
             Slain by a phantom (7 damage)
             ... on level 4 of the Dungeon.
             The game lasted 00:07:14 (2632 turns).

Alarkh the Grave Robber (Mummy Necromancer)         Turns: 2632, Time: 00:07:14

Health: -3/41      AC:  6    Str: 11    XL:     6   Next: 47%
Magic:  13/13      EV: 11    Int: 17    God:
Gold:   240        SH:  0    Dex: 12    Spells: 4 memorised, 2 levels left

rFire  x . .     SeeInvis .     g - +1 whip (elec)
rCold  + . .     Gourm    .     j - +0 leather armour (curse)
rNeg   + + +     Faith    .     (no shield)
rPois  ∞         Spirit   .     n - +0 helmet
rElec  .         Dismiss  .     p - +0 cloak
rCorr  .         Reflect  .     (no gloves)
MR     .....     Harm     .     (no boots)
Stlth  +.........               (no amulet)
                                (no ring)
                                (no ring)

@: no status effects
A: no food or potions, fire vulnerability, cold resistance 1, negative energy
resistance 3, torment resistance, unbreathing
a: no special abilities


You were on level 4 of the Dungeon.
You were not hungry.

You visited 1 branch of the dungeon, and saw 4 of its levels.

You collected 240 gold pieces.

Inventory:

Hand Weapons
 c - a +0 dagger
 g - a +1 whip of electrocution (weapon)
Armour
 a - a +0 robe
 j - a cursed +0 leather armour (worn)
 l - a cursed +0 robe
 n - a +0 helmet (worn)
 p - a +0 cloak (worn)
 r - a cursed +0 robe
Wands
 q - a wand of random effects (13/48)
Scrolls
 d - a scroll of fog
 e - a scroll of identify
 f - a scroll of enchant armour
 h - a scroll of amnesia
 i - a scroll of recharging {unknown}
 k - a scroll of teleportation
 m - 2 scrolls of remove curse {unknown}
 o - a scroll of immolation {unknown}
Books
 b - a book of Necromancy

   Spells                             Type                      Level
   a - Pain                           Necromancy                   1
   b - Animate Skeleton               Necromancy                   1
   c - Vampiric Draining              Necromancy                   3
   d - Regeneration                   Charms/Necromancy            3
   e - Animate Dead                   Necromancy                   4
   f - Control Undead                 Necromancy                   4


   Skills:
 - Level 1.5 Dodging
 - Level 1.5 Stealth
 + Level 4.6 Spellcasting
 + Level 6.2 Necromancy


You had 2 spell levels left.
You knew the following spells:

 Your Spells              Type           Power        Failure   Level  Hunger
a - Pain                  Necr           ####         1%          1    N/A
b - Vampiric Draining     Necr           ####......   6%          3    N/A
c - Control Undead        Necr           ####......   17%         4    N/A
d - Animate Dead          Necr           N/A          17%         4    N/A

Dungeon Overview and Level Annotations

Branches:
Dungeon (4/15)
 Temple: D:4-7

Altars:


Innate Abilities, Weirdness & Mutations

You do not eat or drink.
Your flesh is vulnerable to fire.
You are immune to poison.
Your flesh is cold resistant. (rC+)
You are immune to negative energy. (rN+++)
You are immune to unholy pain and torment.
You can survive without breathing.


Message History

You hit the phantom.
The phantom is heavily damaged.
The phantom hits you.
* * * LOW HITPOINT WARNING * * *
The phantom blinks!
You barely miss the phantom.
The phantom is heavily damaged.
The phantom hits you but does no damage.
You miss the phantom.
The phantom is heavily damaged.
The phantom hits you.
* * * LOW HITPOINT WARNING * * *
You barely miss the phantom.
The phantom is heavily damaged.
The phantom hits you!
* * * LOW HITPOINT WARNING * * *
You barely miss the phantom.
The phantom is heavily damaged.
The phantom hits you!
You die...

..............# ##..
...<........########...
..#..#....^##...##..#.
..............###.##.
..............##(.##. .
#..#.....######..#..
...##.##.............P≈.
##.....#W....##.###§≈§≈≈
.......@.....##..§#§§§§≈
............## #.§§§§§≈
..............# ###§§≈≈≈
.#.........#.....§§.§§≈.
...#########$......###..
.# .......§§...
.......####. ....>.. #.
.....!. #.


You could see a phantom.

Vanquished Creatures
  An ogre (D:4)
  A bullfrog zombie (D:4)
  A centaur zombie (D:4)
  A jelly (D:4)
  2 hound skeletons
  A howler monkey zombie (D:4)
  A worker ant zombie (D:4)
  8 adders
  2 oozes
  A worm (D:2)
  A leopard gecko (D:2)
  3 orcs (D:4)
  4 giant cockroaches
  7 goblins
  5 hobgoblins
  3 jackals (D:2)
  3 quokkas (D:2)
  2 ball pythons
  8 bats
  5 frilled lizards
  A jackal skeleton (D:4)
  11 kobolds
  9 rats
81 creatures vanquished.

Notes
Turn   | Place    | Note
-------+----------+-------------------------------------------
     0 | D:1      | Alarkh the Mummy Necromancer began the quest for the Orb.
     0 | D:1      | Reached XP level 1. HP: 13/13 MP: 3/3
   255 | D:1      | Reached XP level 2. HP: 19/19 MP: 0/5
   761 | D:2      | Reached XP level 3. HP: 24/24 MP: 2/6
  1107 | D:2      | Reached XP level 4. HP: 26/30 MP: 2/8
  1147 | D:2      | Reached skill level 5 in Necromancy
  2031 | D:3      | Reached XP level 5. HP: 35/35 MP: 6/10
  2301 | D:4      | Reached XP level 6. HP: 8/41 MP: 8/12
  2307 | D:4      | Reached skill level 6 in Necromancy
  2574 | D:4      | Learned a level 3 spell: Vampiric Draining
  2579 | D:4      | Learned a level 4 spell: Control Undead
  2584 | D:4      | Learned a level 4 spell: Animate Dead
  2632 | D:4      | Slain by a phantom

Vault maps used:
D:1:      dpeg_arrival_pond, minivault_23
D:2:      first_bread
D:4:      serial_undead, serial_undead_d, serial_undead_f, serial_undead_e,
          serial_undead_c

Skill      XL: |  1  2  3  4  5  6 |
---------------+-------------------+-----
Spellcasting   | 3 4 |  4.6
Necromancy     | 5 6 |  6.2
Dodging        | |  1.5
Stealth        | |  1.5

Action                   |  1- 3 |  4- 6 || total
-------------------------+-------+-------++-------
Melee: Dagger            |    39 |       ||    39
       Unarmed           |     7 |       ||     7
       Whip              |    13 |    79 ||    92
 Cast: Pain              |    51 |    64 ||   115
  Use: Scroll            |     1 |     3 ||     4
 Stab: Sleeping          |       |     2 ||     2
Armor: Robe              |    22 |       ||    22
       Leather armour    |       |    29 ||    29
Dodge: Dodged            |    57 |    59 ||   116
